 Dungeon Crawl Stone Soup version 0.20-a0-1127-g1289703 (webtiles) character file.

113 Lexie the Firebug (level 4, -1/27 HPs)
             Began as an Octopode Fire Elementalist on May 18, 2017.
             Slain by Grinder (9 damage)
             ... while paralysed by Grinder
             ... on level 3 of the Dungeon.
             The game lasted 00:04:28 (3474 turns).

Lexie the Firebug (Octopode Fire Elementalist)      Turns: 3474, Time: 00:04:29

Health: -1/27      AC:  1    Str:  7    XL:     4   Next: 96%
Magic:  5/8        EV:  2    Int: 18    God:
Gold:   135        SH:  0    Dex: 12    Spells: 3/9 levels left

rFire    . . .     SeeInvis .   h - +0 dagger
rCold    . . .     Gourm    .   (no shield)
rNeg     . . .     Faith    .   (helmet restricted)
rPois    .         Spirit   .   (no amulet)
rElec    .         Reflect  .   d - ring of flight
rCorr    .         Harm     .   (no ring)
MR       .....                  (no ring)
Stlth    +++.......             (no ring)
Regen    0.1/turn               (no ring)
MPRegen  0.2/turn               (no ring)
                                (no ring)
                                (no ring)

@: paralysed, very slightly contaminated
A: almost no armour, stealthy swim, amphibious, 8 rings, constrict 8, camouflage
1, gelatinous body 1
a: Evoke Flight


You were on level 3 of the Dungeon.
You were not hungry.

You visited 1 branch of the dungeon, and saw 3 of its levels.

You collected 135 gold pieces.

Inventory:

Hand Weapons
 h - a +0 dagger (weapon)
Jewellery
 d - a ring of flight (left tentacle)
Wands
 n - a wand of paralysis (10/24)
 r - a wand of polymorph (2/24)
Scrolls
 c - 7 scrolls of identify {unknown}
 g - a scroll of enchant armour {unknown}
 i - a scroll of amnesia {unknown}
 m - 3 scrolls of remove curse {unknown}
 o - a scroll of blinking {unknown}
 q - a scroll of magic mapping {unknown}
Potions
 e - a potion of ambrosia {unknown}
 f - a potion of agility {unknown}
 p - a potion of curing {unknown}
 s - a potion of brilliance {unknown}
Books
 a - a book of Flames

   Spells                             Type                      Level
   a - Flame Tongue                   Conjuration/Fire             1
   b - Throw Flame                    Conjuration/Fire             2
   c - Conjure Flame                  Conjuration/Fire             3
   d - Inner Flame                    Hexes/Fire                   3
   e - Sticky Flame                   Conjuration/Fire             4
   f - Fireball                       Conjuration/Fire             5
Comestibles
 b - 2 bread rations
 j - a royal jelly
 k - a meat ration
 l - a fruit


   Skills:
 - Level 2.0 Dodging
 - Level 2.6 Stealth
 * Level 3.2 Spellcasting
 * Level 3.0 Conjurations
 + Level 3.4 Fire Magic


You had 3 spell levels left.
You knew the following spells:

 Your Spells              Type           Power        Failure   Level  Hunger
a - Flame Tongue          Conj/Fire      ##...        4%          1    None
b - Throw Flame           Conj/Fire      ##....       6%          2    ##.....
c - Conjure Flame         Conj/Fire      ##......     12%         3    ###....


Dungeon Overview and Level Annotations

Branches:
Dungeon (3/15)

Altars:

Annotations:
D:3 Grinder


Innate Abilities, Weirdness & Mutations

You cannot wear most types of armour.
You are very stealthy in the water. (Stealth+)
You are amphibious.
You can wear up to eight rings at the same time.
You can use your tentacles to constrict eight enemies at once.
Your skin changes colour to match your surroundings (Stealth+).
Your rubbery body absorbs attacks. (AC +1, EV +1)


Message History

The flame tongue hits Grinder.
Grinder is moderately wounded.
Casting: Flame Tongue
Confirm with . or Enter, or press ? or * to list all spells.
Aiming: Flame Tongue
Press: ? - help, Shift-Dir - straight line, f/p - Grinder
Aim: Grinder (moderately wounded)
You miscast Flame Tongue.
You are very lightly contaminated with residual magic.
You are momentarily dazzled by a flash of light!
Grinder gestures at you.
You suddenly lose the ability to move!
Grinder gestures at you. Pain shoots through your body! Grinder hits you.
You writhe in agony.
Grinder hits you.
* * * LOW HITPOINT WARNING * * *
Grinder barely misses you. Grinder hits you!
You die...

..#..###############.#
###..# ### #.# #..#
.$# #.# #..# #.# #.#
###..# #.# #.# .....#
#.# #.#### ####.# #.#
#....# .....# #5#
####.# ###### #@# #.#
#.# #.# #.# #.# #.#
#.# #.######.#
#........# ##########


You could see Grinder.

Vanquished Creatures
  Ijyb (D:3)
  An adder (D:3)
  An ooze (D:2)
  4 worms (D:2)
  2 dart slugs
  A leopard gecko (D:2)
  An orc (D:3)
  2 ball pythons
  10 bats
  2 giant cockroaches
  11 goblins
  7 hobgoblins
  4 jackals
  2 frilled lizards
  2 kobolds
  4 rats
55 creatures vanquished.

Notes
Turn   | Place    | Note
-------+----------+-------------------------------------------
     0 | D:1      | Lexie the Octopode Fire Elementalist began the quest for the Orb.
     0 | D:1      | Reached XP level 1. HP: 11/11 MP: 3/3
   141 | D:1      | Reached XP level 2. HP: 8/17 MP: 0/5
  1020 | D:1      | Reached XP level 3. HP: 21/21 MP: 4/6
  1188 | D:2      | Learned a level 2 spell: Throw Flame
  1192 | D:2      | Learned a level 3 spell: Conjure Flame
  2258 | D:2      | Reached XP level 4. HP: 27/27 MP: 5/8
  3006 | D:3      | Noticed Ijyb
  3040 | D:3      | Killed Ijyb
  3454 | D:3      | Noticed Grinder
  3468 | D:3      | Paralysed by Grinder for 7 turns
  3474 | D:3      | Slain by Grinder

Vault maps used:
D:1:      ncdulo_watergridlock
D:2:      first_bread, lightli_corner_chamber
D:3:      uniq_ijyb, uniq_grinder

Skill      XL: |  1  2  3  4 |
---------------+-------------+-----
Conjurations   | 2 3 |  3.0
Spellcasting   | 3 |  3.2
Dodging        | |  2.0
Stealth        | |  2.6
Fire Magic     | |  3.4

Action                   |  1- 3 |  4- 6 || total
-------------------------+-------+-------++-------
Melee: Unarmed           |    12 |       ||    12
       Constrict         |     8 |     1 ||     9
       Dagger            |     9 |    22 ||    31
       Tentacles         |     4 |     1 ||     5
 Cast: Flame Tongue      |    67 |    42 ||   109
       Throw Flame       |       |     1 ||     1
  Eat: Chunk             |     4 |     4 ||     8
Armor: Skin              |     9 |    12 ||    21
Dodge: Dodged            |    36 |     8 ||    44
